 Dungeon Crawl Stone Soup version 0.28-a0-1567-g1695149f81 (webtiles) character file.

Game seed: 11932500163498311226

445 a3don the Conjurer (level 7, -1/50 HPs)
             Began as a Gnoll Conjurer on Jan 20, 2022.
             Slain by an ufetubus (2 damage)
             ... summoned by Eustachio
             ... on level 4 of the Dungeon.
             The game lasted 00:15:17 (6371 turns).

a3don the Conjurer (Gnoll Conjurer)                 Turns: 6371, Time: 00:15:18

Health: -1/50      AC:  2    Str:  6      XL:     7   Next: 3%
Magic:  4/15       EV: 13    Int: 20      God:
Gold:   105        SH:  0    Dex:  9 (10) Spells: 3/17 levels left

rFire   . . .      SeeInvis .   a - +0 hand axe (elec)
rCold   . . .      Faith    .   (no shield)
rNeg    . . .      Spirit   .   k - +0 robe
rPois   .          Reflect  .   (no helmet)
rElec   .          Harm     .   (no cloak)
rCorr   .          Rampage  .   (no gloves)
Will    .....                   (no boots)
Stlth   +.........              (no amulet)
HPRegen 0.16/turn               (no ring)
MPRegen 0.14/turn               (no ring)

@: silenced, very slightly contaminated
A: fangs 1, strong nose, distributed training
a: no special abilities


You were on level 4 of the Dungeon.
You visited 1 branch of the dungeon, and saw 4 of its levels.

You collected 105 gold pieces.

Inventory:

Hand Weapons
 a - a +0 hand axe of electrocution (weapon)
 b - a +0 hunting sling
 c - a +0 short sword
 l - a +0 hand axe
 p - a +2 dagger of speed
 r - a +0 spear
 w - a +0 flail
 z - a +1 dagger of holy wrath
 B - a +0 flail of protection
Missiles
 d - 135 stones
 m - 5 boomerangs
 x - 46 sling bullets
 y - 7 poisoned darts (quivered)
Armour
 k - a +0 robe (worn)
 A - a +2 leather armour of positive energy
 D - a +0 buckler
Jewellery
 o - a ring of wizardry
Scrolls
 e - 6 scrolls of identify {unknown}
 g - a scroll of enchant armour {unknown}
 i - a scroll of teleportation {unknown}
 n - a scroll of silence
 q - a scroll of fog {unknown}
 u - 2 scrolls of vulnerability {unknown}
Potions
 f - 2 potions of magic {unknown}
 h - a potion of invisibility {unknown}
 j - a potion of lignification {unknown}
 s - 2 potions of curing {unknown}
 t - a potion of haste {unknown}
 v - a potion of degeneration {unknown}
 C - a potion of heal wounds {unknown}


   Skills:
 + Level 2.2 Fighting
 + Level 2.2 Short Blades
 + Level 2.2 Long Blades
 + Level 2.2 Axes
 + Level 2.2 Maces & Flails
 + Level 2.2 Polearms
 + Level 2.2 Staves
 + Level 2.2 Slings
 + Level 2.2 Bows
 + Level 2.2 Crossbows
 + Level 2.2 Throwing
 + Level 2.2 Armour
 + Level 5.1 Dodging
 + Level 4.7 Stealth
 + Level 2.2 Shields
 + Level 2.2 Unarmed Combat
 + Level 5.5 Spellcasting
 + Level 7.3 Conjurations
 + Level 1.8 Hexes
 + Level 1.8 Summonings
 + Level 1.8 Necromancy
 + Level 1.8 Translocations
 + Level 1.8 Transmutations
 + Level 1.8 Fire Magic
 + Level 1.8 Ice Magic
 + Level 1.8 Air Magic
 + Level 1.8 Earth Magic
 + Level 1.8 Poison Magic
 + Level 2.4 Invocations
 + Level 2.2 Evocations


You had 3 spell levels left.
You knew the following spells:

 Your Spells              Type           Power      Damage    Failure   Level
a - Magic Dart            Conj           100%       1d8       1%          1
b - Sublimation of Blood  Necr           12%        N/A       8%          2
c - Dazzling Flash        Conj/Hex       46%        N/A       4%          3
d - Tukima's Dance        Hex            12%        N/A       16%         3
e - Irradiate             Conj/Tmut      11%        3d17      43%         5

Your spell library contained the following spells:

 Spells                   Type           Power      Damage    Failure   Level
 Searing Ray              Conj           68%        2d6       1%          2
 Fulminant Prism          Conj/Hex       11%        3d9       17%         4
 Iskenderun's Mystic Bla  Conj/Tloc      23%        2d6       17%         4
 Anguish                  Hex/Necr       6%         N/A       45%         4
 Passage of Golubria      Tloc           12%        N/A       45%         4
 Petrify                  Tmut/Erth      12%        N/A       45%         4
 Yara's Violent Unravell  Hex/Tmut       6%         3d5       82%         5
 Enfeeble                 Hex            6%         N/A       100%        7


Dungeon Overview and Level Annotations

Branches:
Dungeon (4/15)
 Temple: D:4-7

Altars:
Wu Jian
Zin

Shops:
D:3 =

Annotations:
D:4 Eustachio


Innate Abilities, Weirdness & Mutations

You have very sharp teeth.
Your uncanny sense of smell can sniff out nearby items.
Your experience applies equally to all skills.


Message History

Eustachio hits you! The quasit closely misses you.
The quasit barely misses you.
The quasit claws you but does no damage.
Casting: Magic Dart (safe; 1% risk of failure)
Confirm with . or Enter, or press ? or * to list all spells.
The spell is extremely dangerous to miscast (43% risk of failure)!
Continue anyway?
You miscast Irradiate.
You are very lightly contaminated with residual magic.
Nothing appears to happen.
The ufetubus hits you. x2
* * * LOW HITPOINT WARNING * * *
The quokka barely misses you. The quasit closely misses you.
The quasit claws you.
* * * LOW HITPOINT WARNING * * *
The quasit claws you but does no damage.
The ufetubus hits you.
* * * LOW HITPOINT WARNING * * *
The ufetubus closely misses you. Eustachio hits you.
* * * LOW HITPOINT WARNING * * *
The quokka barely misses you.
Casting: Irradiate (extremely dangerous; 43% risk of failure)
Confirm with . or Enter, or press ? or * to list all spells.
The spell is extremely dangerous to miscast (43% risk of failure)!
Continue anyway?
You miscast Irradiate.
Nothing appears to happen.
The ufetubus closely misses you. The ufetubus hits you.
* * * LOW HITPOINT WARNING * * *
The quasit closely misses you. The quasit claws you.
* * * LOW HITPOINT WARNING * * *
You feel clumsy. The quasit closely misses you. The quokka barely misses you.
Eustachio screams, "This atrocity can only be purified with blood!"
Eustachio barely misses you.
Casting: Irradiate (extremely dangerous; 43% risk of failure)
Confirm with . or Enter, or press ? or * to list all spells.
Okay, then.
As you read the scroll labelled JAETAD UROE, it crumbles to dust.
A profound silence engulfs you.
It was a scroll of silence.
The ufetubus hits you.
* * * LOW HITPOINT WARNING * * *
The ufetubus hits you.
You die...

#....#
##....##
##......#
##.......## #
##.........#
#
#..........#
#
##.........##
#
#........5.#
#
#.......r@@#
##
#..>....5.##
.#
#.....<...#
.#
#..).....##
.# #......###
.# #...####
.# ##.### .#
####..#
.###....##


You could see Eustachio (strong), a quasit (summoned), an ufetubus (summoned)
and a quokka (summoned).

Vanquished Creatures
  A phantom (D:4)
  A scorpion (D:4)
  A jelly (D:4)
  An orc priest (D:4)
  An iguana (D:3)
  An orc wizard (D:3)
  7 gnolls
  2 adders
  An adder skeleton (D:4)
  3 worms
  A dart slug (D:3)
  13 orcs
  11 endoplasms
  2 giant cockroaches (D:1)
  8 goblins
  6 hobgoblins
  6 quokkas
  6 ball pythons
  3 bats
  5 frilled lizards
  7 kobolds
  6 rats
93 creatures vanquished.

Vanquished Creatures (others)
  A dancing weapon (D:4)
  4 toadstools (D:1)
5 creatures vanquished.

Grand Total: 98 creatures vanquished

Notes
Turn   | Place    | Note
-------+----------+-------------------------------------------
     0 | D:1      | a3don the Gnoll Conjurer began the quest for the Orb.
     0 | D:1      | Reached XP level 1. HP: 13/13 MP: 6/6
   210 | D:1      | Reached XP level 2. HP: 19/19 MP: 5/7
   239 | D:1      | Learned a level 2 spell: Sublimation of Blood
   243 | D:1      | Noticed a great orb of eyes
   245 | D:1      | Found a faded altar of an unknown god.
   279 | D:1      | Noticed a great orb of eyes
   283 | D:1      | Noticed a shining eye
   288 | D:1      | Noticed a shining eye
   422 | D:1      | You fall into a shaft and drop 1 floor!
   970 | D:2      | Reached XP level 3. HP: 25/25 MP: 5/9
   973 | D:2      | Reached skill level 5 in Spellcasting
  1249 | D:2      | Reached skill level 1 in Invocations
  2103 | D:1      | Reached skill level 1 in Fighting
  2103 | D:1      | Reached skill level 1 in Short Blades
  2103 | D:1      | Reached skill level 1 in Long Blades
  2103 | D:1      | Reached skill level 1 in Axes
  2103 | D:1      | Reached skill level 1 in Maces & Flails
  2103 | D:1      | Reached skill level 1 in Polearms
  2103 | D:1      | Reached skill level 1 in Staves
  2103 | D:1      | Reached skill level 1 in Slings
  2103 | D:1      | Reached skill level 1 in Bows
  2103 | D:1      | Reached skill level 1 in Crossbows
  2103 | D:1      | Reached skill level 1 in Throwing
  2103 | D:1      | Reached skill level 1 in Armour
  2103 | D:1      | Reached skill level 1 in Shields
  2103 | D:1      | Reached skill level 1 in Unarmed Combat
  2103 | D:1      | Reached skill level 1 in Evocations
  2576 | D:2      | Reached XP level 4. HP: 32/32 MP: 6/11
  2580 | D:2      | Learned a level 3 spell: Dazzling Flash
  3520 | D:2      | Reached skill level 1 in Hexes
  3520 | D:2      | Reached skill level 1 in Summonings
  3520 | D:2      | Reached skill level 1 in Necromancy
  3520 | D:2      | Reached skill level 1 in Translocations
  3520 | D:2      | Reached skill level 1 in Transmutations
  3520 | D:2      | Reached skill level 1 in Fire Magic
  3520 | D:2      | Reached skill level 1 in Ice Magic
  3520 | D:2      | Reached skill level 1 in Air Magic
  3520 | D:2      | Reached skill level 1 in Earth Magic
  3520 | D:2      | Reached skill level 1 in Poison Magic
  3652 | D:2      | Learned a level 3 spell: Tukima's Dance
  3890 | D:3      | Reached XP level 5. HP: 37/37 MP: 4/12
  4052 | D:3      | Found a glowing silver altar of Zin.
  4307 | D:3      | Found Heutej's One-of-a-Kind Rings.
  4571 | D:3      | Found an ornate altar of the Wu Jian Council.
  5277 | D:4      | Reached XP level 6. HP: 44/44 MP: 7/13
  5283 | D:4      | Learned a level 5 spell: Irradiate
  5573 | D:4      | Reached skill level 5 in Dodging
  6083 | D:4      | Reached XP level 7. HP: 50/50 MP: 10/15
  6167 | D:4      | Noticed Eustachio
  6371 | D:4      | HP: 1/50 [ufetubus[Eustachio] (5)]
  6371 | D:4      | Slain by an ufetubus

Illustrated notes

Levels and vault maps discovered:
D:1:      ldierk_water_garden, layout_basic,
          hellmonk_ecumenical_altar_watching_god, minmay_pentomino_x2
D:2:      layout_loops_ring, st_stairs_2
D:3:      minmay_chambers_of_threes, layout_basic,
          pdpol_wu_jian_five_deadly_venoms, mainiacjoe_overflow_alcove_1,
          nicolae_shop_unique_rings
D:4:      layout_cave_pods, serial_shops, nicolae_shop_bloodbath_and_beyond,
          minmay_misc_feat_pillars, uniq_eustachio

Skill      XL: |  1  2  3  4  5  6 |
---------------+-------------------+-----
Spellcasting   | 5 |  5.5
Invocations    | 1 2 |  2.4
Fighting       | 1 2 |  2.2
Short Blades   | 1 2 |  2.2
Long Blades    | 1 2 |  2.2
Axes           | 1 2 |  2.2
Maces & Flails | 1 2 |  2.2
Polearms       | 1 2 |  2.2
Staves         | 1 2 |  2.2
Slings         | 1 2 |  2.2
Bows           | 1 2 |  2.2
Crossbows      | 1 2 |  2.2
Throwing       | 1 2 |  2.2
Armour         | 1 2 |  2.2
Shields        | 1 2 |  2.2
Unarmed Combat | 1 2 |  2.2
Evocations     | 1 2 |  2.2
Hexes          | 1 |  1.8
Summonings     | 1 |  1.8
Necromancy     | 1 |  1.8
Translocations | 1 |  1.8
Transmutations | 1 |  1.8
Fire Magic     | 1 |  1.8
Ice Magic      | 1 |  1.8
Air Magic      | 1 |  1.8
Earth Magic    | 1 |  1.8
Poison Magic   | 1 |  1.8
Dodging        | 5 |  5.1
Stealth        | |  4.7
Conjurations   | |  7.3

Action                   |  1- 3 |  4- 6 |  7- 9 || total
-------------------------+-------+-------+-------++-------
Melee: Short sword       |    21 |       |       ||    21
       Hand axe          |    15 |     9 |     3 ||    27
       Bite              |     1 |     4 |     2 ||     7
       Punch             |     1 |       |       ||     1
       Dagger            |       |    29 |    23 ||    52
 Cast: Magic Dart        |    84 |   127 |     5 ||   216
       Dazzling Flash    |       |     7 |     3 ||    10
       Tukima's Dance    |       |     5 |     3 ||     8
  Use: Scroll            |       |       |     1 ||     1
 Stab: Sleeping          |     3 |       |       ||     3
       Invisible         |       |     1 |     2 ||     3
Armor: Robe              |     5 |     7 |     8 ||    20
Dodge: Dodged            |    32 |    47 |    47 ||   126

Table legend: (Time is in decaauts)
 A = Elapsed time spent in this place.
 B = Non-inter-level travel time spent in this place.
 C = Inter-level travel time spent in this place.
 D = Time resting spent in this place.
 E = Time spent auto-exploring this place.
 F = Levels seen in this place.
 G = Mean time per level.
                   A        B        C        D        E       F      G
               +--------+--------+--------+--------+--------+-----+--------+
         Total |   6371 |   6128 |    243 |   1335 |   3929 |   4 | 1592.8 |
       Dungeon |   6371 |   6128 |    243 |   1335 |   3929 |   4 | 1592.8 |
               +--------+--------+--------+--------+--------+-----+--------+

Top non-repeatable levels by time:
     D:3: 1870 daAuts
     D:2: 1785 daAuts
     D:1: 1724 daAuts
     D:4: 990 daAuts
